 Dungeon Crawl Stone Soup version 0.19.1-1-g22dce08 (webtiles) character file.

203 Graft the Skirmisher (level 5, -2/48 HPs)
             Began as a Minotaur Fighter on Dec 29, 2016.
             Was a Believer of Makhleb.
             Killed by divine providence
             ... invoked by an orc priest
              (15 damage)
             ... on level 4 of the Dungeon.
             The game lasted 00:21:57 (2029 turns).

Graft the Skirmisher (Minotaur Fighter)             Turns: 2029, Time: 00:21:58

Health: -2/48      AC: 11    Str: 27    XL:     5   Next: 51%
Magic:  4/4        EV:  3    Int:  5    God:    Makhleb [**....]
Gold:   212        SH:  8    Dex:  9    Spells: 0 memorised, 4 levels left

rFire  . . .     SeeInvis .     a - +0 war axe
rCold  . . .     Gourm    .     s - +0 plate armour
rNeg   + . .     Faith    .     c - +0 shield
rPois  .         Spirit   .     (helmet restricted)
rElec  .         Reflect  .     (no cloak)
rCorr  .         Harm     .     (no gloves)
MR     .....                    m - +0 pair of boots (curse)
Stlth  ..........               (no amulet)
                                p - ring of positive energy (curse)
                                n - +5 ring of strength

@: lethally poisoned (-2 -> -6), glowing, very heavily drained
A: retaliatory headbutt, horns 2
a: Minor Destruction, Renounce Religion


You were on level 4 of the Dungeon.
You worshipped Makhleb.
Makhleb was pleased with you.
You were not hungry.

You visited 1 branch of the dungeon, and saw 4 of its levels.

You collected 212 gold pieces.

Inventory:

Hand Weapons
 a - a +0 war axe (weapon)
 j - a +0 short sword
 q - a +0 spear
 r - a +4 dagger of venom
 u - a +0 trident
 w - a +1 dagger of venom
 x - a +1 flail of venom
Armour
 b - a +1 scale mail
 c - a +0 shield (worn)
 m - a cursed +0 pair of boots (worn)
 s - a +0 plate armour (worn)
 t - a +2 robe of the Archmagi
 y - a +0 ring mail
Jewellery
 n - a +5 ring of strength (left hand)
 p - a cursed ring of positive energy (right hand)
Scrolls
 A - a scroll of enchant weapon {unknown}
Potions
 d - a potion of might
 e - a potion of haste {unknown}
 g - a potion of curing {unknown}
 h - a potion of agility {unknown}
 i - a potion of degeneration {unknown}
 k - a potion of invisibility {unknown}
 l - 3 potions of heal wounds {unknown}
 o - a potion of magic {unknown}
Comestibles
 f - 4 bread rations
 v - a meat ration
 z - a beef jerky


   Skills:
 * Level 5.4(0.0) Fighting
 * Level 5.4(0.0) Axes
 - Level 3.6(0.0) Armour
 + Level 1.3(0.0) Dodging
 - Level 3.6(0.0) Shields


You had 4 spell levels left.
You didn't know any spells.

Dungeon Overview and Level Annotations

Branches:
Dungeon (4/15)
 Temple: D:4-7

Altars:
Makhleb
Uskayaw

Annotations:
D:4 Owly's ghost, novice SpEn


Innate Abilities, Weirdness & Mutations

You reflexively headbutt those who attack you in melee.
You have a pair of horns on your head.


Message History

You feel less confused.
You feel sick.
The worker ant bites you but does no damage.
You block the orc priest's attack.
Owly's ghost hits you but does no damage.
You partially resist.
You feel drained. You block the worker ant's attack.
You are too injured to fight recklessly!
You are too injured to fight recklessly!
You are too injured to fight recklessly!
You are too injured to fight recklessly!
You are too injured to fight recklessly!
You are too injured to fight recklessly!
You are too injured to fight recklessly!
You are too injured to fight recklessly!
You are too injured to fight recklessly!
You are too injured to fight recklessly!
You barely miss the orc priest. You hit the worker ant. You miss Owly's ghost.
The orc priest calls down the wrath of Beogh upon you.
Beogh smites you!
You die...

..............#.....# #
.....................
>............#....####.
......................
......#......##.#...##
............#.#.......
............#.....##
...............a...#
...............W@#..#
.?........"..#.o##
...........##.....
...........#.##.#..
..##........ ....#
#........ ....#
...###..# o... .#..
#..# .##.


You could see a worker ant, an orc priest and Owly's ghost.

Vanquished Creatures
  An orc wizard (D:3)
  Jessica (D:3)
  Ijyb (D:3)
  5 adders
  2 oozes (D:1)
  4 worms
  A leopard gecko (D:3)
  7 orcs (D:3)
  2 ball pythons (D:1)
  A giant cockroach (D:3)
  9 goblins
  2 hobgoblins
  3 kobolds
  6 bats
  5 frilled lizards
  A leopard gecko skeleton (D:3)
  8 rats
59 creatures vanquished.

Notes
Turn   | Place    | Note
-------+----------+-------------------------------------------
     0 | D:1      | Graft the Minotaur Fighter began the quest for the Orb.
     0 | D:1      | Reached XP level 1. HP: 19/19 MP: 0/0
    91 | D:1      | Reached XP level 2. HP: 27/27 MP: 1/1
   521 | D:2      | Reached XP level 3. HP: 30/34 MP: 2/2
   582 | D:2      | Found a hide-covered altar of Uskayaw.
   583 | D:2      | Noticed a hand axe
   583 | D:2      | Noticed a hand axe
   589 | D:2      | Became a worshipper of Uskayaw the Reveler
   600 | D:2      | Reached skill level 5 in Fighting
   600 | D:2      | Reached * piety under Uskayaw
   704 | D:2      | Found a faded altar of an unknown god.
   711 | D:2      | Fell from the grace of Uskayaw
   711 | D:2      | Became a worshipper of Makhleb the Destroyer
   711 | D:2      | Reached * piety under Makhleb
   776 | D:2      | Reached XP level 4. HP: 42/42 MP: 3/3
  1009 | D:3      | Noticed Ijyb
  1012 | D:3      | Killed Ijyb
  1076 | D:3      | Paralysed by the fury of Uskayaw for 5 turns
  1098 | D:3      | Noticed Jessica
  1110 | D:3      | Reached ** piety under Makhleb
  1121 | D:3      | Killed Jessica
  1121 | D:3      | Reached skill level 5 in Axes
  1121 | D:3      | Reached XP level 5. HP: 43/48 MP: 4/4
  1208 | D:3      | Paralysed by the fury of Uskayaw for 6 turns
  1245 | D:3      | Reached skill level 1 in Dodging
  1297 | D:3      | Found a burning altar of Makhleb.
  1861 | D:4      | Noticed Owly's ghost (novice SpEn)
  2029 | D:4      | Killed from afar by an orc priest

Skill      XL: |  1  2  3  4  5 |
---------------+----------------+-----
Fighting       | 4 5 |  5.4
Axes           | 3 5 |  5.4
Dodging        | 1 |  1.3
Armour         | |  3.6
Shields        | |  3.6

Action                   |  1- 3 |  4- 6 || total
-------------------------+-------+-------++-------
Melee: War axe           |    64 |   129 ||   193
       Headbutt          |     7 |    12 ||    19
  Use: Scroll            |     5 |     4 ||     9
       Potion            |     1 |       ||     1
  Eat: Bread ration      |     1 |       ||     1
Armor: Scale mail        |    25 |    23 ||    48
       Plate armour      |       |    91 ||    91
Dodge: Dodged            |    21 |    34 ||    55
Block: Shield            |    29 |    65 ||    94
